 Dungeon Crawl Stone Soup version 0.26.1 (webtiles) character file.

Game seed: 690788780528421557

136 pokeman the Magician (level 4, -1/25 HPs)
             Began as a Deep Elf Hedge Wizard on Feb 7, 2021.
             Killed by nerve-wracking pain
             ... invoked by a shadow imp
             ... summoned by Eustachio
              (5 damage)
             ... on level 4 of the Dungeon.
             The game lasted 00:05:51 (3853 turns).

pokeman the Magician (Deep Elf Hedge Wizard)        Turns: 3853, Time: 00:05:51

Health: -1/25      AC:  3    Str:  7    XL:     4   Next: 98%
Magic:  6/14       EV: 12    Int: 20    God:
Gold:   155        SH:  0    Dex: 14    Spells: 4/15 levels left

rFire    . . .     SeeInvis .   a - +0 dagger
rCold    . . .     Faith    .   (no shield)
rNeg     . . .     Spirit   .   r - +0 leather armour
rPois    .         Reflect  .   c - +0 hat
rElec    .         Harm     .   (no cloak)
rCorr    .         Rampage  .   (no gloves)
Will     .....                  (no boots)
Stlth    ++........             (no amulet)
HPRegen  0.08/turn              (no ring)
MPRegen  0.14/turn              (no ring)

@: no status effects
A: no striking features
a: no special abilities


You were on level 4 of the Dungeon.
You visited 1 branch of the dungeon, and saw 4 of its levels.

You collected 155 gold pieces.

Inventory:

Hand Weapons
 a - a +0 dagger (weapon)
Missiles
 j - 29 bolts
 n - 44 arrows
Armour
 c - a +0 hat (worn)
 r - a +0 leather armour (worn)
Scrolls
 d - a scroll of teleportation {unknown}
 g - 5 scrolls of identify {unknown}
 k - a scroll of blinking {unknown}
 o - 2 scrolls of remove curse {unknown}
 p - a scroll of amnesia {unknown}
 q - a scroll of fear {unknown}
Potions
 b - a potion of ambrosia {unknown}
 e - 2 potions of curing
 f - a potion of haste {unknown}
 h - a potion of resistance {unknown}
 i - a potion of degeneration {unknown}
 l - a potion of brilliance {unknown}
 m - 2 potions of mutation {unknown}


   Skills:
 - Level 1.0 Fighting
 - Level 1.0 Armour
 - Level 3.0 Dodging
 + Level 2.4 Stealth
 * Level 6.0 Spellcasting
 + Level 2.4 Conjurations
 - Level 1.1 Summonings
 - Level 1.1 Translocations
 + Level 1.2 Fire Magic


You had 4 spell levels left.
You knew the following spells:

 Your Spells              Type           Power        Failure   Level
a - Magic Dart            Conj           60%          5%          1
b - Mephitic Cloud        Conj/Pois/Air  9%           32%         3
c - Call Imp              Summ           10%          14%         2
d - Blink                 Tloc           N/A          14%         2
e - Conjure Flame         Conj/Fire      13%          22%         3

Your spell library contained the following spells:

 Spells                   Type           Power        Failure   Level
 Slow                     Hex            6%           22%         2


Dungeon Overview and Level Annotations

Branches:
Dungeon (4/15)
 Temple: D:4-7

Altars:
Ashenzari
Xom
Zin
The Shining One

Annotations:
D:4 Eustachio


Message History

The worker ant is engulfed in noxious fumes.
The worker ant appears confused.
A worm comes into view.
The shadow imp shouts, "Give up, thou delicate moon-mazed blabberskite!"
The worker ant is engulfed in noxious fumes.
The worker ant appears confused.
The worker ant completely misses Eustachio.
The worker ant bites the river rat.
The river rat is engulfed in noxious fumes.
The river rat appears confused.
The river rat closely misses you.
Eustachio barely misses the shadow imp.
The shadow imp misses you.
Unknown command.
The worker ant bites the river rat.
The river rat is poisoned.
The worker ant poisons the river rat!
The worker ant completely misses the shadow imp.
The worm bites you!
* * * LOW HITPOINT WARNING * * *
The shadow imp gestures at you. Pain shoots through your body!
You die...

........# ............#
...##...#######.......#
...##...##...##.......##
..$....................####
..........................##
??..............r......##....#
.[.##......@..5..w...........#
...##........B...w....≈......#
...#...........5@<..≈≈≈≈≈.≈..#
...##....$.####.######≈#≈#≈≈##
...##......# #.# ≈≈≈≈≈≈≈#
....#.......' ... ########
....#.......#.....
....#......)#.....
....#.......#..... ...## #...
..≈##########


You could see Eustachio (confused), 2 worms, a worker ant (confused), a river
rat (confused, very poisoned) and 2 shadow imps.

Vanquished Creatures
  A centaur skeleton (D:4)
  3 adders
  An ooze (D:1)
  A leopard gecko (D:1)
  5 orcs (D:3)
  2 ball pythons
  4 giant cockroaches
  15 hobgoblins
  6 jackals
  3 quokkas
  6 bats
  4 frilled lizards (D:1)
  6 goblins
  5 kobolds
  9 rats
71 creatures vanquished.

Notes
Turn   | Place    | Note
-------+----------+-------------------------------------------
     0 | D:1      | pokeman the Deep Elf Hedge Wizard began the quest for the
                  | Orb.
     0 | D:1      | Reached XP level 1. HP: 10/10 MP: 7/7
   436 | D:1      | Found a broken altar of Ashenzari.
   496 | D:1      | Reached XP level 2. HP: 15/15 MP: 6/9
   900 | D:1      | Reached skill level 5 in Spellcasting
  1066 | D:1      | Reached XP level 3. HP: 20/20 MP: 7/11
  1070 | D:1      | Learned a level 3 spell: Mephitic Cloud
  1073 | D:1      | Learned a level 2 spell: Call Imp
  1076 | D:1      | Learned a level 2 spell: Blink
  1080 | D:1      | Learned a level 3 spell: Conjure Flame
  1645 | D:2      | Reached skill level 1 in Fighting
  1681 | D:2      | Found a glowing golden altar of the Shining One.
  1852 | D:2      | Reached skill level 1 in Armour
  2348 | D:3      | Reached XP level 4. HP: 25/25 MP: 10/13
  3523 | D:3      | Reached skill level 1 in Fire Magic
  3674 | D:4      | Noticed Eustachio
  3687 | D:4      | Found a glowing silver altar of Zin.
  3687 | D:4      | Found a shimmering altar of Xom.
  3687 | D:4      | Noticed an angel
  3712 | D:3      | Reached skill level 6 in Spellcasting
  3853 | D:4      | Killed from afar by a shadow imp

Illustrated notes

Levels and vault maps discovered:
D:1:      grunt_arrival_lava_bath, layout_basic, nicolae_ashenzari_panopticon
D:2:      layout_basic, tso_metal_star
D:3:      layout_loops_ring, wad_orctagon
D:4:      layout_gridville, grunt_temple_overflow_order_and_chaos_1,
          lightli_sewer_entry_pipes, grunt_ministairs_11,
          chequers_serial_rivers_small_a, uniq_eustachio

Skill      XL: |  1  2  3  4 |
---------------+-------------+-----
Spellcasting   | 5 6 |  6.0
Fighting       | 1 |  1.0
Armour         | 1 |  1.0
Conjurations   | 2 |  2.4
Fire Magic     | 1 |  1.2
Dodging        | 3 |  3.0
Stealth        | |  2.4
Summonings     | |  1.1
Translocations | |  1.1

Action                   |  1- 3 |  4- 6 || total
-------------------------+-------+-------++-------
Melee: Dagger            |    47 |     1 ||    48
 Cast: Magic Dart        |   109 |    59 ||   168
       Mephitic Cloud    |       |     3 ||     3
       Conjure Flame     |       |     1 ||     1
       Blink             |       |     1 ||     1
       Call Imp          |       |     1 ||     1
  Use: Potion            |       |     1 ||     1
Armor: Robe              |    12 |     2 ||    14
       Leather armour    |       |     4 ||     4
Dodge: Dodged            |    58 |    29 ||    87
